 Dungeon Crawl Stone Soup version 0.16.1-11-g651b585 (webtiles) character file.

96 Shoikan the Cudgeler (level 4, -3/39 HPs)
             Began as a Minotaur Berserker on Mar 31, 2015.
             Was a Believer of Trog.
             Killed by nerve-wracking pain
             ... invoked by Grinder
              (10 damage)
             ... on level 3 of the Dungeon.
             The game lasted 00:09:10 (2037 turns).

Shoikan the Cudgeler (Minotaur Berserker)           Turns: 2037, Time: 00:09:10

Health: -3/39      AC: 11    Str: 21    XL:     4   Next: 41%
Magic:  2/2        EV: 11    Int:  5    God:    Trog [**....]
Gold:   70         SH:  0    Dex: 10    Spells: 0 memorised, 3 levels left

rFire  + . .     SeeInvis .     a - +0 mace
rCold  . . .     Clarity  .     p - +2 ring mail {rF+}
rNeg   . . .     SustAb   .     (no shield)
rPois  .         Gourm    .     (helmet restricted)
rElec  .         Spirit   .     h - +0 cloak
rCorr  .         Warding  .     j - +2 pair of gloves
rMut   .         Stasis   .     (no boots)
MR     .....                    (no amulet)
Stlth  ..........               (no ring)
                                (no ring)

@: not resistant to hostile enchantments, extremely unstealthy
A: retaliatory headbutt, horns 2
a: Burn Spellbooks, Berserk, Trog's Hand, Renounce Religion


You were on level 3 of the Dungeon.
You worshipped Trog.
Trog was pleased with you.
You were hungry.

You visited 1 branch of the dungeon, and saw 3 of its levels.

You collected 70 gold pieces.

Inventory:

Hand weapons
 a - a +0 mace (weapon)
 s - a cursed -3 dagger
Armour
 h - a +0 cloak (worn)
 j - a +2 pair of gloves (worn)
 p - a +2 ring mail of fire resistance (worn)
Scrolls
 b - a scroll of noise {unknown}
 d - 2 scrolls of remove curse {unknown}
 g - a scroll of magic mapping {unknown}
 i - a scroll of fear {unknown}
 l - a scroll of random uselessness {unknown}
 n - a scroll of recharging {unknown}
Potions
 e - a potion of agility {unknown}
 f - a potion of restore abilities {unknown}
 m - a potion of ambrosia {unknown}
 o - 2 potions of magic {unknown}
 r - 2 potions of curing {unknown}
Comestibles
 c - 2 bread rations
 k - a royal jelly
 q - 2 meat rations
 t - 2 fruits
 u - a chunk of flesh


   Skills:
 - Level 3.6 Fighting
 + Level 6.3 Maces & Flails
 - Level 2.4 Armour
 - Level 2.1 Dodging


You had 3 spell levels left.
You didn't know any spells.

Dungeon Overview and Level Annotations

Branches:
Dungeon (3/15)

Altars:
Elyvilon
Okawaru

Annotations:
D:3 Grinder


Innate Abilities, Weirdness & Mutations

You reflexively headbutt those who attack you in melee.
You have a pair of horns on your head.


Message History

You are more confused.
You bump into the rock wall.
Grinder gestures at you. Pain shoots through your body!
You're too confused to move!
Grinder hits you.
You hit Grinder. You headbutt Grinder!
Grinder is moderately wounded.
Grinder gestures at you. Pain shoots through your body!
* * * LOW HITPOINT WARNING * * *
You sock Grinder!
Grinder is heavily wounded.
Grinder gestures at you. You resist with significant effort.
You're too confused!
You bump into the rock wall.
Grinder hits you but does no damage.
You feel less confused. Grinder gestures at you. Pain shoots through your body!
You die...

..>.....# #.#
##.####.# #.# ##.#
#.# ##.# #.# ##.# #.#
##.# #.###########
##.# #...........#
..#
#.################.##
... ........5.@....#
#.# ###
#.############.###.#
#.....# #######


You could see Grinder.

Vanquished Creatures
  3 adders
  A giant mite (D:3)
  A worm (D:3)
  3 giant geckos
  3 orcs (D:3)
  A ball python (D:1)
  9 bats
  3 giant cockroaches
  9 hobgoblins
  A giant newt (D:1)
  6 goblins
  7 kobolds
  5 rats
52 creatures vanquished.

Notes
Turn   | Place    | Note
--------------------------------------------------------------
     0 | D:1      | Shoikan, the Minotaur Berserker, began the quest for the Orb.
     0 | D:1      | Reached XP level 1. HP: 19/19 MP: 1/1
   155 | D:1      | Reached skill level 4 in Maces & Flails
   315 | D:1      | Reached XP level 2. HP: 21/26 MP: 1/1
  1042 | D:2      | Reached skill level 5 in Maces & Flails
  1079 | D:2      | Acquired Trog's second power
  1263 | D:2      | Reached XP level 3. HP: 17/31 MP: 2/2
  1328 | D:2      | Found a white marble altar of Elyvilon.
  1888 | D:3      | Reached skill level 6 in Maces & Flails
  1888 | D:3      | Reached XP level 4. HP: 39/39 MP: 2/2
  1965 | D:3      | Found an iron altar of Okawaru.
  2019 | D:3      | Noticed Grinder
  2037 | D:3      | Killed from afar by Grinder

Action                   |  1- 3 |  4- 6 || total
-------------------------+-------+-------++-------
Melee: Mace              |    85 |    20 ||   105
  Eat: Chunk             |     3 |       ||     3
